[Event "2. Itzehoer Schach Open"]
[Site "Itzehoe, Germany"]
[Date "2023.05.01"]
[Round "5.16"]
[White "Lebiedz, Oliver"]
[Black "Recklies, Volker"]
[Result "1-0"]
[TimeControl "90 min / 40 Züge + 30 min + 30 Sek pro Zug"]
[WhiteElo "1921"]
[BlackElo "1701"]

1. e4 c6 2. d4 d5 3. e5 Bf5 4. h4 h6 5. g4 Bd7 6. c3 Qc7 7. Be3 Na6 8. b4 g6 9. Bd3 e6 10.
Ne2 Ne7 11. Ng3 Bg7 12. Qe2 Nb8 13. Qc2 Rf8 14. Nd2 Kd8 15. Nb3 Be8 16. O-O-O Nd7 17. f4 Nb6 18. f5 gxf5 19. gxf5 exf5 20.
Nh5 f4 21. Bxf4 Ng6 22. Bh2 Bh8 23. Rde1 Qe7 24. e6 Nxh4 25. Nf4 Nf3 26. Re2 Kc8 27. Bg3 Qg5 28. e7 Rg8 29. Rg2 Qxe7 30.
Qf2 Ng5 31. Bh4 Bf6 32. Nh5 Nd7 33. Nxf6 Qxf6 34. Bf5 Kd8 35. Re1 Nf8 36. Nc5 b6 37. Nb7+ Kc7 38. Qf4+ Kxb7 39. Bc8+ Rxc8 40.
Qxf6 Nfe6 41. Qxh6 Rg6 42. Qh5 Nf4 43. Re7+ Ka6 44. Qd1 c5 45. Rxg5 Rh6 46. Qf1+ 1-0

[Event "2. Itzehoer Schach Open"]
[Site "Itzehoe, Germany"]
[Date "2023.05.01"]
[Round "5.24"]
[White "Ploog, Jakob"]
[Black "Zoellner, Bente"]
[Result "0-1"]
[TimeControl "90 min / 40 Züge + 30 min + 30 Sek pro Zug"]
[WhiteElo "1392"]
[BlackElo "1805"]

1. e4 c5 2. Nf3 Nc6 3. Bb5 Nf6 4. Nc3 d6 5. d4 cxd4 6. Nxd4 Bd7 7. O-O g6 8. f4 Bg7 9. e5 dxe5 10.
Nxc6 bxc6 11. Bc4 exf4 12. Rxf4 O-O 13. Be3 Qc7 14. Qf3 Bf5 15. Re1 Rad8 16. Rh4 Ng4 17. Rxg4 Bxg4 18. Qxg4 Qd7 19.
Qh4 Bd4 20. Ne4 Bxe3+ 21. Rxe3 Qd4 22. Qh6 Qxc4 23. Ng5 Rd1+ 24. Kf2 Qf4+ 25. Rf3 Qd4+ 26. Kg3 Qg7 27. Qh4 Rd4 28. Rf4 Rxf4 29.
Qxf4 Qf6 30. Qe3 Rd8 31. Ne4 Qe5+ 32. Kf3 f5 33. Qb3+ Qd5 34. Qxd5+ cxd5 35. Nd2 e5 36. g3 Kf7 37.
h4 Ke6 38. Nb3 Rc8 39. c3 h6 40. Na5 Rc7 41. Ke3 g5 42. h5 f4+ 43. gxf4 gxf4+ 44. Kf3 Kf5 45. b3 Rxc3+ 0-1

[Event "2. Itzehoer Schach Open"]
[Site "Itzehoe, Germany"]
[Date "2023.05.01"]
[Round "5.4"]
[White "Pitic, Jasmin"]
[Black "Stiller, Maximilian"]
[Result "1-0"]
[TimeControl "90 min / 40 Züge + 30 min + 30 Sek pro Zug"]
[WhiteElo "2067"]
[BlackElo "1657"]

1. d4 Nf6 2. c4 g6 3. Nc3 d5 4.
Nf3 Bg7 5. Bg5 Ne4 6. Bh4 Nxc3 7. bxc3 c5 8. cxd5 Qxd5 9. e3 Nc6 10. Qa4 cxd4 11. cxd4 O-O 12. Be2 Bf5 13. O-O a6 14.
Rfd1 Rac8 15. Rac1 Qd6 16. a3 h6 17. h3 e6 18. Nd2 g5 19. Bg3 Qd8 20. Bf3 Bd3 21. Qb3 Bb5 22. a4 Na5 23.
Rxc8 Qxc8 24. Qb4 Nc6 25. Qa3 Bxa4 26. Qxa4 b5 27. Qa3 Qb7 28. Rc1 Rc8 29. Qc5 Bf8 30. Bxc6 1-0

[Event "2. Itzehoer Schach Open"]
[Site "Itzehoe, Germany"]
[Date "2023.05.01"]
[Round "5.31"]
[White "Harten, Jan"]
[Black "Lorenz, Felix"]
[Result "1-0"]
[TimeControl "90 min / 40 Züge + 30 min + 30 Sek pro Zug"]
[WhiteElo "1819"]
[BlackElo "1128"]

1. e4 e5 2. f4 d5 3. exd5 c6 4. d3 Bc5 5. Nf3 Bg4 6. fxe5 Qxd5 7. Bf4 Bxf3 8. Qxf3 Qd4 9. c3 Qd8 10.
d4 Be7 11. Bc4 Qb6 12. O-O f6 13. Qe2 g5 14. Bxg8 Rxg8 15. exf6 Qd8 16. f7+ 1-0

[Event "2. Itzehoer Schach Open"]
[Site "Itzehoe, Germany"]
[Date "2023.05.01"]
[Round "5.11"]
[White "Freitag, Christian"]
[Black "Hieke, Jonas"]
[Result "1-0"]
[TimeControl "90 min / 40 Züge + 30 min + 30 Sek pro Zug"]
[WhiteElo "1886"]
[BlackElo "1584"]

1. e4 e5 2. Nf3 Nc6 3. Bc4 Nf6 4. d3 Bc5 5. Nc3 d6 6. h3 Na5 7. Bb3 h6 8. Be3 Bxe3 9. fxe3 Nxb3 10.
axb3 O-O 11. O-O Bd7 12. Qe1 Bc6 13. g4 g5 14. Qf2 Nd7 15. Kg2 Kg7 16. Ne2 d5 17. exd5 Bxd5 18. e4 Be6 19.
Rxa7 Rxa7 20. Qxa7 b6 21. Ng3 f6 22. d4 exd4 23. Nxd4 Bf7 24. Rd1 Qb8 25. Qxb8 Nxb8 26. Nb5 Kg6 27.
Rd2 c6 28. Nc3 Na6 29. Rd6 Nb4 30. Nh5 Be8 31. e5 Nxc2 32. Nxf6 Kf7 33. Na4 b5 34. Nc5 Nb4 35. Kf3 Nd5 36.
Ke4 Nxf6+ 37. Rxf6+ Kg7 38. Ne6+ 1-0

[Event "2. Itzehoer Schach Open"]
[Site "Itzehoe, Germany"]
[Date "2023.05.01"]
[Round "5.34"]
[White "Knudsen, Finn Luca"]
[Black "Junge, Julia Marie"]
[Result "0-1"]
[TimeControl "90 min / 40 Züge + 30 min + 30 Sek pro Zug"]
[WhiteElo "929"]
[BlackElo "1367"]

1. e4 e5 2. Nf3 Nc6 3. Bc4 Bc5 4. d3 Nf6 5. Nc3 d6 6. Nd5 h6 7. Nxf6+ Qxf6 8. O-O Bg4 9. Be3 Nd4 10.
Bxd4 Bxd4 11. c3 Bb6 12. d4 exd4 13. cxd4 Bxf3 14. Qxf3 Qxf3 15. gxf3 Bxd4 16. Rab1 g5 17. Rfd1 Be5 18.
b4 h5 19. h3 Kd7 20. Bxf7 Raf8 21. Bd5 c6 22. Bc4 Rxf3 23. Kg2 g4 24. hxg4 hxg4 25. Be2 Rh2+ 26. Kg1 Rfxf2 27.
Bxg4+ Kc7 28. Bf5 Rxa2 29. Rf1 Rag2# 0-1

[Event "2. Itzehoer Schach Open"]
[Site "Itzehoe, Germany"]
[Date "2023.05.01"]
[Round "5.9"]
[White "Wibmer, Michael"]
[Black "Neuendorf, Max"]
[Result "1/2-1/2"]
[TimeControl "90 min / 40 Züge + 30 min + 30 Sek pro Zug"]
[WhiteElo "1675"]
[BlackElo "2000"]

1. e4 c5 2. Nf3 Nc6 3. d4 cxd4 4. Nxd4 e5 5. Nb5 d6 6. N1c3 a6 7. Na3 Be7 8. g3 Nf6 9. Bg2 Bg4 10.
Qd3 Rc8 11. Be3 O-O 12. O-O b5 13. Nd5 Nxd5 14. exd5 Nb8 15. c3 Nd7 16. Nc2 Bg5 17. Nb4 Nc5 18. Qd2 Bxe3 19. Qxe3 Bd7 20.
Rad1 Kh8 21. Nc6 Bxc6 22. dxc6 f5 23. Qd2 Rf6 24. Rfe1 Qc7 25. Bd5 Ne6 26. Bxe6 Rxe6 27. Qd5 Rf6 28.
Re2 h6 29. Red2 Qxc6 30. Qxc6 Rxc6 31. Rd5 Kg8 32. a4 Rb6 33. axb5 axb5 34. Ra1 Rf8 35. Ra7 Rd8 36. Kf1 Kh7 37.
Ra5 Rdb8 38. Ra7 Rd8 39. Ra5 Rdb8 40. Ra7 Rd8 1/2-1/2

[Event "2. Itzehoer Schach Open"]
[Site "Itzehoe, Germany"]
[Date "2023.05.01"]
[Round "5.30"]
[White "Bartels, Jens"]
[Black "Graf, David"]
[Result "0-1"]
[TimeControl "90 min / 40 Züge + 30 min + 30 Sek pro Zug"]
[WhiteElo "1589"]
[BlackElo "1429"]

1. Nf3 Nf6 2. c4 e6 3. d4 b6 4. Nc3 Bb4 5. Bd2 Bb7 6. e3 O-O 7. Be2 Bxc3 8. Bxc3 Ne4 9. O-O Nxc3 10.
bxc3 Qf6 11. Qc2 d6 12. e4 Nd7 13. Rad1 Qf4 14. d5 e5 15. g3 Qf6 16. Nh4 Nc5 17. Bg4 Qg5 18. Bh3 g6 19.
Rde1 Qh5 20. f3 a5 21. Rf2 Ba6 22. Bf1 Bc8 23. Be2 Qg5 24. Bf1 Ba6 25. Qd2 Qxd2 26. Rxd2 Kg7 27. Rf2 f6 28. Ng2 f5 29. exf5 Rxf5 30.
Ne3 Rf7 31. Kg2 Raf8 32. Be2 Ne4 33. Rff1 Nxc3 34. Bd3 Nxa2 35. Nc2 Nc3 36. Na3 Nxd5 37. Nb5 Bxb5 38. cxb5 Nf6 0-1

[Event "2. Itzehoer Schach Open"]
[Site "Itzehoe, Germany"]
[Date "2023.05.01"]
[Round "5.10"]
[White "Fuhrmann, Åke"]
[Black "Wohlrabe, Joerg"]
[Result "1/2-1/2"]
[TimeControl "90 min / 40 Züge + 30 min + 30 Sek pro Zug"]
[WhiteElo "1992"]
[BlackElo "1635"]

1. d4 e6 2. c4 Nf6 3. g3 Be7 4. Bg2 O-O 5. Nc3 c6 6. Nf3 d6 7. O-O Nbd7 8. e4 e5 9. d5 cxd5 10.
cxd5 a6 11. h3 b5 12. b4 Rb8 13. Be3 Nb6 14. Nd2 Bd7 15. f4 Rc8 16. Rc1 Nc4 17. Nxc4 Rxc4 18. fxe5 Ne8 19. exd6 Bxd6 20.
Ne2 Bxb4 21. Rxc4 bxc4 22. e5 Qa5 23. Qc2 c3 24. Bd4 Bb5 25. Rc1 Ba4 26. Qe4 c2 27. d6 Ba3 28. Rf1 Qb5 29.
Qe3 Bb4 30. Nc3 Bxc3 31. Qxc3 f6 32. exf6 Nxf6 33. Bxf6 gxf6 34. Be4 Qb6+ 35. Kh2 Qxd6 36. Bxc2 Bxc2 37. Qxc2 Rd8 38. Rf2 Kg7 39.
Qe4 Rd7 40. Qg4+ Kf7 41. Qg5 Qd4 42. Qh5+ Kg7 43. Re2 Rb7 44. Rc2 Rb2 45. Qe2 Rxc2 46. Qxc2 1/2-1/2

[Event "2. Itzehoer Schach Open"]
[Site "Itzehoe, Germany"]
[Date "2023.05.01"]
[Round "5.3"]
[White "Neumann, Frank"]
[Black "Wulf von Moers, Jens"]
[Result "1-0"]
[TimeControl "90 min / 40 Züge + 30 min + 30 Sek pro Zug"]
[WhiteElo "2030"]
[BlackElo "2148"]

1. d4 d5 2. Nf3 c5 3. g3 Nc6 4. Bg2 Nf6 5. O-O e6 6. b3 cxd4 7. Nxd4 Bc5 8. Bb2 O-O 9. Nxc6 bxc6 10.
Nd2 Re8 11. c4 Bb7 12. cxd5 cxd5 13. Nf3 Rc8 14. Ne5 Qb6 15. e3 Ba6 16. Nd3 Bd6 17. Re1 e5 18. Bf1 h5 19. a3 h4 20.
Rc1 Rxc1 21. Nxc1 Bxf1 22. Rxf1 h3 23. Qc2 Qb7 24. Qf5 Qc6 25. b4 d4 26. Qxh3 Qc2 27. Ba1 Qb1 28. Ne2 Qa2 29.
Nxd4 exd4 30. Bxd4 Qxa3 31. Ra1 Qxb4 32. Bxf6 gxf6 33. Rxa7 Qb1+ 34. Qf1 Qc2 35. Qb5 1-0

[Event "2. Itzehoer Schach Open"]
[Site "Itzehoe, Germany"]
[Date "2023.05.01"]
[Round "5.8"]
[White "Trzcielinski, Jens"]
[Black "Martin, Dennis"]
[Result "1/2-1/2"]
[TimeControl "90 min / 40 Züge + 30 min + 30 Sek pro Zug"]
[WhiteElo "1693"]
[BlackElo "2012"]

1. e4 c6 2. b3 d5 3. Bb2 dxe4 4. Nc3 Nf6 5. Nge2 Bf5 6. Ng3 Bg6 7. Qe2 Qd4 8. Rb1 Nbd7 9. Ncxe4 Qd5 10.
d3 Nxe4 11. Nxe4 Bxe4 12. dxe4 Qa5+ 13. Qd2 Qxd2+ 14. Kxd2 O-O-O 15. Bd3 e5 16. Rbd1 f6 17. Kc1 Nc5 18. f3 Nxd3+ 19. Rxd3 Rxd3 20.
cxd3 Bc5 21. Kc2 Rd8 22. Rd1 Rd7 23. Bc3 Kd8 24. Kd2 Ke7 25. Ke2 Kf7 26. Rc1 Bb6 27. Rd1 h5 28. Be1 Bd4 29.
Bf2 c5 30. Bxd4 Rxd4 31. Rc1 b6 32. Rc4 Ke6 33. g3 Rd7 34. Rc2 a5 35. Kd2 Ra7 36. a4 Rd7 37. Rc3 f5 38. Ke2 g6 39.
Rc1 Kf6 40. Rc3 Rh7 41. h3 Kg5 42. exf5 gxf5 43. Rc4 f4 44. h4+ Kf5 45. gxf4 exf4 46. d4 Re7+ 47. Kf2 cxd4 1/2-1/2

[Event "2. Itzehoer Schach Open"]
[Site "Itzehoe, Germany"]
[Date "2023.05.01"]
[Round "5.7"]
[White "Nahnsen, Kenneth"]
[Black "Wusterack, Paul"]
[Result "1/2-1/2"]
[TimeControl "90 min / 40 Züge + 30 min + 30 Sek pro Zug"]
[WhiteElo "2021"]
[BlackElo "1647"]

1. d4 d5 2. Nf3 Nf6 3. c4 dxc4 4. e3 e6 5. Bxc4 c5 6. O-O Nc6 7. dxc5 Qxd1 8. Rxd1 Bxc5 9. a3 Bd7 10.
b4 Be7 11. Bb2 O-O 12. Nbd2 Rfd8 13.
Nb3 Be8 14. Nfd2 Rac8 15. Kf1 Kf8 16. Rac1 Ng4 17. Be2 Bf6 18. Bxf6 Nxf6 19. Bf3 b6 20. Be2 Nb8 21. b5 Nd5 22.
Ne4 Ke7 23. a4 f5 24. Ng5 h6 25. Nf3 Nc3 26. Rxd8 Kxd8 27. Nbd4 Bd7 28. Ra1 Nxe2 29. Kxe2 a6 30. Rd1 Ke7 31. Ne5 Be8 32. Rb1 axb5 33.
axb5 g5 34. Ra1 Rc5 35. Ra7+ Kd6 36. Rb7 Bxb5+ 37. Kd2 Kxe5 38. Rxb8 Bc4 39. Rxb6 Kf6 40. Rd6 1/2-1/2

[Event "2. Itzehoer Schach Open"]
[Site "Itzehoe, Germany"]
[Date "2023.05.01"]
[Round "5.13"]
[White "Lichtmannecker, Daniel"]
[Black "Spieker, Hans-Joachim"]
[Result "1-0"]
[TimeControl "90 min / 40 Züge + 30 min + 30 Sek pro Zug"]
[WhiteElo "2162"]
[BlackElo "1747"]

1. e4 c5 2. Nf3 Nc6 3.
Bb5 g6 4. O-O Bg7 5. c3 a6 6. Bxc6 dxc6 7. d3 Nf6 8. Qc2 Bg4 9. Nbd2 O-O 10. h3 Bxf3 11. Nxf3 Nd7 12. a4 Ne5 13.
Nxe5 Bxe5 14. Be3 b6 15. f4 Bg7 16. a5 c4 17. dxc4 bxa5 18. Rfd1 Qc7 19. Qa4 Qb7 20. Rd2 Rfd8 21.
Rad1 Rxd2 22. Rxd2 c5 23. Qc2 Qc6 24. Rd5 Rb8 25. Rxc5 Qb7 26. Rxa5 Qxb2 27. Qxb2 Rxb2 28. Rxa6 Bxc3 29.
Ra8+ Kg7 30. c5 Rc2 31. c6 1-0

[Event "2. Itzehoer Schach Open"]
[Site "Itzehoe, Germany"]
[Date "2023.05.01"]
[Round "5.26"]
[White "Tobis, Julius"]
[Black "Schiller, Thomas"]
[Result "0-1"]
[TimeControl "90 min / 40 Züge + 30 min + 30 Sek pro Zug"]
[WhiteElo "1334"]
[BlackElo "1678"]

1. e4 e5 2. Nf3 Nc6 3. Bb5 f5 4. d4 fxe4 5. Bxc6 dxc6 6. Nxe5 Nf6 7. Bg5 Bd6 8. Nc3 Bf5 9. h4 h6 10.
Bxf6 Qxf6 11. f4 exf3 12. Nxf3 Bg3+ 13. Kf1 O-O 14. Kg1 Rae8 15. Ne2 Bd6 16. Kf1 Bg4 17. Neg1 Re3 18. Kf2 Rfe8 19.
c3 Qf4 20. Qd2 Bxf3 21. gxf3 Qg3+ 22. Kf1 Rxf3+ 23. Nxf3 Qxf3+ 24. Kg1 Re2 0-1

[Event "2. Itzehoer Schach Open"]
[Site "Itzehoe, Germany"]
[Date "2023.05.01"]
[Round "5.1"]
[White "Helmer, Jan"]
[Black "Carlstedt, Jonathan"]
[Result "1/2-1/2"]
[TimeControl "90 min / 40 Züge + 30 min + 30 Sek pro Zug"]
[WhiteElo "2091"]
[BlackElo "2452"]

1. Nf3 c5 2. b3 Nf6 3. Bb2 e6 4. e3 Nc6 5. d4 cxd4 6. exd4 Be7 7. Bd3 b6 8. O-O Bb7 9. a3 Qc7 10.
Nbd2 h5 11. c4 d5 12. Rc1 Qd6 13. c5 Qc7 14. b4 a6 15. cxb6 Qxb6 16. Qe2 h4 17. Nb3 Nh5 18. Qe3 Bd6 19.
g3 Ne7 20. Ne5 hxg3 21. hxg3 Nf6 22. Nc5 Bxc5 23. bxc5 Qc7 24. Qg5 1/2-1/2

[Event "2. Itzehoer Schach Open"]
[Site "Itzehoe, Germany"]
[Date "2023.05.01"]
[Round "5.12"]
[White "Oortmann, Alexis"]
[Black "Roebers, Jan"]
[Result "1/2-1/2"]
[TimeControl "90 min / 40 Züge + 30 min + 30 Sek pro Zug"]
[WhiteElo "1095"]
[BlackElo "2083"]

1. Nf3 g6 2. d4 Bg7 3. c4 Nf6 4. g3 O-O 5. Bg2 d6 6. O-O Nc6 7. Nc3 a6 8. a4 a5 9. h3 h6 10.
e4 Nd7 11. d5 Nb4 12. Be3 Kh7 13. Bd4 Ne5 14. Nxe5 dxe5 15. Be3 e6 16. Qd2 f5 17. dxe6 Qxd2 18. Bxd2 c6 19. e7 Re8 20.
Na2 Nc2 21. Rab1 Rxe7 22. Rfd1 Be6 23. b3 Rd7 24. Bc3 Rxd1+ 25. Rxd1 Nd4 26. Nc1 fxe4 27. g4 Rd8 28. Kf1 b6 29.
Bxe4 Bf6 30. Bxd4 exd4 31. Bxc6 h5 32. f3 1/2-1/2

[Event "2. Itzehoer Schach Open"]
[Site "Itzehoe, Germany"]
[Date "2023.05.01"]
[Round "5.14"]
[White "Retzlaff, Wolfgang"]
[Black "Kitschke, Heiko"]
[Result "0-1"]
[TimeControl "90 min / 40 Züge + 30 min + 30 Sek pro Zug"]
[WhiteElo "1704"]
[BlackElo "2027"]

1. Nf3 d5 2. d4 Nf6 3. e3 e6 4. b3 Bd6 5. Bd3 c5 6. O-O Nc6 7. Bb2 cxd4 8. exd4 Qc7 9. Re1 O-O 10.
Nbd2 Nb4 11. Nf1 b6 12. Ba3 a5 13. c4 Nxd3 14. Qxd3 Bxa3 0-1

[Event "2. Itzehoer Schach Open"]
[Site "Itzehoe, Germany"]
[Date "2023.05.01"]
[Round "5.29"]
[White "Brandt, Volker"]
[Black "Pitic, Alen"]
[Result "1-0"]
[TimeControl "90 min / 40 Züge + 30 min + 30 Sek pro Zug"]
[WhiteElo "1469"]
[BlackElo "1276"]

1. d4 Nf6 2. f3 d5 3. e4 dxe4 4. Nc3 exf3 5. Qxf3 Qxd4 6. Be3 Qg4 7. Qf2 b6 8. Be2 Qe6 9. h3 Bb7 10.
Nb5 Qc8 11. O-O-O Ne4 12. Qf4 Nd6 13. Nf3 Nc6 14. Ng5 f6 15. Nxh7 Rxh7 16. Bd3 Rh6 17. Qg3 g5 18. h4 Nxb5 19.
hxg5 fxg5 20. Qxg5 Rd6 21. Qg6+ Kd8 22. Qg8 Rf6 1-0

[Event "2. Itzehoer Schach Open"]
[Site "Itzehoe, Germany"]
[Date "2023.05.01"]
[Round "5.21"]
[White "Hansen, Fridolin"]
[Black "Drozd, Maciej"]
[Result "1-0"]
[TimeControl "90 min / 40 Züge + 30 min + 30 Sek pro Zug"]
[WhiteElo "1764"]
[BlackElo "1334"]

1. e4 c5 2. Nc3 Nc6 3. g3 g6 4. Bg2 Bg7 5. Nge2 Nf6 6. d3 O-O 7. O-O d6 8. h3 Rb8 9. a4 a6 10.
Be3 b5 11. axb5 axb5 12. Qd2 b4 13. Nd1 Re8 14. Bh6 Bh8 15. c3 bxc3 16. bxc3 Qb6 17. Kh2 Ba6 18. f4 Qb5 19. e5 Nd7 20. e6 fxe6 21. Qa2 d5 22. Qxa6 Qxa6 23. Rxa6 Rec8 24. f5 gxf5 25. Nf4 Nf6 26. Nxe6 Ne5 27. Bf4 Nfd7 28. Bxd5 Rb6 29. Nc7+ Kf8 30.
Rxb6 Nxb6 31. Bh6+ Bg7 32. Rxf5+ Nf7 1-0

[Event "2. Itzehoer Schach Open"]
[Site "Itzehoe, Germany"]
[Date "2023.05.01"]
[Round "5.6"]
[White "Knuedel, Torben"]
[Black "Rick, Niklas Corvin"]
[Result "1-0"]
[TimeControl "90 min / 40 Züge + 30 min + 30 Sek pro Zug"]
[WhiteElo "2250"]
[BlackElo "1672"]

1. e4 c5 2. Nf3 d6 3. d4 cxd4 4. Nxd4 Nf6 5. Nc3 a6 6. f4 e5 7. Nf3 Nc6 8. fxe5 dxe5 9. Qxd8+ Kxd8 10.
Bg5 Be7 11. h3 Be6 12. O-O-O+ Nd7 13. Be3 Ke8 14. Ng5 Bxg5 15. Bxg5 f6 16. Be3 Kf7 17. Be2 h5 18. Rd2 g6 19.
Rhd1 Rhd8 20. Nd5 Bxd5 21. exd5 Ne7 22. d6 Nf5 23. Bf2 Rac8 24. g4 hxg4 25. hxg4 Ng7 26. Bf3 Rb8 27. Ba7 Ra8 28.
Be3 Rab8 29. Rh1 Rh8 30. Bxb7 Rxh1+ 31. Bxh1 Rh8 32. Bd5+ Kf8 33. c4 f5 34. c5 1-0

[Event "2. Itzehoer Schach Open"]
[Site "Itzehoe, Germany"]
[Date "2023.05.01"]
[Round "5.35"]
[White "Baumann, Simon"]
[Black "Krumschmidt, Michael"]
[Result "0-1"]
[TimeControl "90 min / 40 Züge + 30 min + 30 Sek pro Zug"]
[WhiteElo "1289"]
[BlackElo "1720"]

1. e4 c5 2. Nf3 d6 3. d4 cxd4 4. Nxd4 Nf6 5. Nc3 a6 6. Be2 e5 7. Nb3 Be7 8. Be3 Be6 9. Qd2 Nbd7 10.
f4 Rc8 11. f5 Bc4 12. Bxc4 Rxc4 13. Qd3 b5 14. O-O O-O 15. Rf3 d5 16. Nxd5 Nxd5 17. Qxd5 Nf6 18. Qd3 Qc8 19. c3 Nxe4 20.
a4 Rd8 21. Qc2 Nc5 22. Nxc5 Bxc5 23. axb5 axb5 24. Re1 f6 25. Qb3 Bxe3+ 26. Rfxe3 Qc5 27. Kf1 Qd5 28. Re4 Qd3+ 29. Kg1 Kh8 30.
Rxc4 bxc4 31. Qb6 h6 32. h3 Rc8 33. Qb7 Qxf5 34. Ra1 Rd8 35. Qc7 Rc8 36. Qb7 Rd8 37. Qc7 Qc8 38. Qxc8 Rxc8 39.
Ra4 Kh7 40. Kf2 Kg6 41. Kf3 h5 42. h4 Kf5 43. Ra7 g6 44. g3 Rc5 45. Rd7 Rc6 46. Rd2 g5 47. hxg5 Kxg5 48. Rg2 f5 49.
Ke3 Rd6 50. Re2 Rd3+ 51. Kf2 e4 52. Kg2 Kg4 0-1

[Event "2. Itzehoer Schach Open"]
[Site "Itzehoe, Germany"]
[Date "2023.05.01"]
[Round "5.5"]
[White "Kosanke, Stefan"]
[Black "Fuhrmann, Bahne"]
[Result "0-1"]
[TimeControl "90 min / 40 Züge + 30 min + 30 Sek pro Zug"]
[WhiteElo "1933"]
[BlackElo "2035"]

1. d4 Nf6 2. g3 g6 3. Bg2 Bg7 4.
Nf3 d5 5. c4 O-O 6. cxd5 Nxd5 7. O-O c5 8. dxc5 Na6 9.
Ne1 Nf4 10. Nd3 Nxg2 11. Kxg2 Qd5+ 12. Kg1 Rd8 13. Qb3 Qxb3 14. axb3 Bg4 15. f3 Bh3 16. c6 Bxf1 17. Kxf1 Nc7 18.
cxb7 Rab8 19. Rxa7 Nb5 20. Ra8 Rxa8 21. bxa8=Q Rxa8 22. Na3 Bxb2 23. Bxb2 Nxa3 24.
Ke1 Nb5 25. Kd2 f6 26. f4 Kf7 27. b4 Nd6 28. Kc3 Rc8+ 29. Kb3 Ke6 30. Bd4 Kd5 31. Bc5 e6 32. Nf2 f5 33. Nd3 Ne4 34.
Be7 Nc3 35. e3 Ne4 36. Nc5 Nd2+ 37. Ka4 Nc4 38. Kb5 Rb8+ 39. Ka4 Nxe3 40. Na6 Rb7 41. Bc5 Nf1 42. Bg1 Kc4 43. Ka5 Rb5+ 44.
Ka4 h6 45. Bc5 Rb7 46. Ka5 Nxh2 47. Bf8 h5 48. Bc5 Nf1 49. Bf2 Rb5+ 50. Ka4 Nd2 51. Be1 Ne4 52. Nc7 Rb7 53. Na6 Rd7 0-1

[Event "2. Itzehoer Schach Open"]
[Site "Itzehoe, Germany"]
[Date "2023.05.01"]
[Round "5.19"]
[White "Steiner, Peter Markus"]
[Black "Moysich, Dirk"]
[Result "0-1"]
[TimeControl "90 min / 40 Züge + 30 min + 30 Sek pro Zug"]
[WhiteElo "1603"]
[BlackElo "1860"]

1. b4 d6 2. Bb2 e5 3. e3 Nf6 4. c4 Be7 5. Nf3 O-O 6. Nc3 Bg4 7. Be2 Nbd7 8. O-O c6 9. d4 e4 10.
Nd2 Bxe2 11. Nxe2 d5 12. Qb3 Nb6 13. a4 Re8 14. Rfc1 dxc4 15. Nxc4 Nxc4 16. Rxc4 Nd5 17. b5 cxb5 18.
axb5 Nb6 19. Rc2 Qd7 20. Rac1 Rac8 21. Nc3 Bd6 22. Na4 Rxc2 23. Rxc2 Nxa4 24. Qxa4 a6 25. Qc4 axb5 26. Qc3 b4 27.
Qc4 Kf8 28. h3 f6 29. Kf1 f5 30. d5 Kg8 31. Bd4 b5 32. Qc6 Qxc6 33. dxc6 Rc8 34. Ke2 Kf7 35. Kd1 g6 36. Kc1 Ke6 37.
Kb2 Kd5 38. Kb3 Rxc6 39. Rxc6 Kxc6 40. Bb2 Bc5 41. Be5 Kd5 42. Bb2 Be7 43. g3 g5 44. Bg7 h5 45. Bb2 Ke6 46. Bd4 Bd6 47.
Bb2 f4 48. g4 hxg4 49. hxg4 f3 50. Bd4 Bg3 0-1

[Event "2. Itzehoer Schach Open"]
[Site "Itzehoe, Germany"]
[Date "2023.05.01"]
[Round "5.25"]
[White "Oblender, Rudi"]
[Black "Vieito, Luis-Maria"]
[Result "0-1"]
[TimeControl "90 min / 40 Züge + 30 min + 30 Sek pro Zug"]
[WhiteElo "1391"]
[BlackElo "1773"]

1. e4 e6 2. d4 d5 3. exd5 exd5 4.
Nf3 Nf6 5. Be2 Bd6 6. Nc3 c6 7. Bg5 h6 8. Bh4 Bf5 9. Ne5 Qb6 10. Rb1 Nbd7 11. Nxd7 Kxd7 12. O-O Qc7 13. Bg3 h5 14.
Bd3 Be6 15. Bxd6 Qxd6 16. h3 g5 17. Qe2 Rae8 18. Qe5 Qe7 19. Nb5 Rc8 20. Nxa7 Ra8 21. Nb5 cxb5 22. Bxb5+ Kd8 23. Qxg5 Rg8 24. Qh4 Ne4 25. Qxe7+ Kxe7 26.
Kh1 Nd2 27. Rbd1 Nxf1 28. Rxf1 Rxa2 29. Bd3 Rxb2 30. f4 Bd7 31. Re1+ Kf6 32. Re5 Bb5 33. Rf5+ Ke6 34. Re5+ Kd6 35.
Bxb5 Rxb5 36. c4 Rb1+ 37. Kh2 dxc4 38. Rxh5 Rb2 39. Rh6+ Rg6 40. Rxg6+ fxg6 41. f5 gxf5 42. h4 c3 43. h5 c2 44. h6 c1=Q 45. h7 Qh6+ 46.
Kg1 Qe3+ 47. Kh1 Qe1+ 48. Kh2 Qh4+ 49. Kg1 Rb1# 0-1

[Event "2. Itzehoer Schach Open"]
[Site "Itzehoe, Germany"]
[Date "2023.05.01"]
[Round "5.36"]
[White "Schindehuette, Frank"]
[Black "Tran, Hanna Emilie Mai Hoa"]
[Result "1/2-1/2"]
[TimeControl "90 min / 40 Züge + 30 min + 30 Sek pro Zug"]
[WhiteElo "1575"]
[BlackElo "1250"]

1. f4 d6 2. c4 Nf6 3. Nc3 Nbd7 4. Nf3 e5 5. d3 b6 6. e4 Bb7 7. Be2 Be7 8. O-O O-O 9. f5 c6 10.
h3 d5 11. cxd5 cxd5 12. Bg5 dxe4 13. Bxf6 exf3 14. Bxe7 fxe2 15. Qxe2 Qxe7 16. d4 Rfe8 17. Rae1 f6 18. Qc4+ Qf7 19.
Qxf7+ Kxf7 20. Nb5 Ba6 21. Nd6+ Kf8 22. Rf3 Red8 23. Ra3 Nb8 24. dxe5 fxe5 25. Ne4 Bb7 26. Ng5 Re8 27. Ne6+ Rxe6 28.
fxe6 Nc6 29. Rf1+ Kg8 30. Rf7 Bc8 31. Rg3 Bxe6 32. Rgxg7+ Kh8 33. Rxh7+ Kg8 34. Rhg7+ 1/2-1/2

[Event "2. Itzehoer Schach Open"]
[Site "Itzehoe, Germany"]
[Date "2023.05.01"]
[Round "5.18"]
[White "Schulze, Tim"]
[Black "Quiring, Nikolai"]
[Result "1-0"]
[TimeControl "90 min / 40 Züge + 30 min + 30 Sek pro Zug"]
[WhiteElo "1663"]
[BlackElo "1880"]

1. e4 e6 2. d4 d5 3. Nd2 Nf6 4. e5 Nfd7 5. c3 c5 6. f4 Nc6 7. Ndf3 Qb6 8. a3 cxd4 9. cxd4 a5 10.
b3 f6 11. Bd3 Be7 12. Ne2 fxe5 13. fxe5 O-O 14. Qc2 h6 15. Bxh6 gxh6 16. Bh7+ Kh8 17. Qg6 Ndxe5 18. dxe5 Qe3 19.
Rd1 Nxe5 20. Nxe5 Qxe5 21. Qxh6 Qg7 22. Qxg7+ Kxg7 23. Bc2 Bxa3 24. Rd3 Bb4+ 25. Kd1 Rf2 26. Rg3+ Kf7 27. h4 Bd7 28. h5 Bb5 29. Rf3+ Rxf3 30.
gxf3 Bxe2+ 31. Kxe2 b5 32. h6 Bc3 33. h7 Bh8 34. Rh4 Bf6 35. Rg4 Rh8 36. Rg1 Bg7 37. Rg4 e5 38. Rh4 Kf6 39.
Rh5 Rc8 40. Kd2 Rh8 41. Rf5+ Ke7 42. Rh5 Ra8 43. Rh4 Rf8 44. Ke2 Bh8 45. Rg4 Kf7 46. Bg6+ Kf6 47. Bc2 Bg7 48. Rg6+ Kf7 49.
Ra6 Rc8 50. Bg6+ Ke7 51. Rxa5 Rb8 52. Bd3 Kd6 53. Bxb5 e4 54. fxe4 dxe4 55. Bc4 Bh8 56. Rg5 Rf8 57. Rg8 Ke7 58.
Ke3 Bb2 59. Kxe4 Rd8 60. Kf5 Rf8+ 61. Ke4 Rd8 62. Rg2 Bh8 63. Bg8 Rd4+ 64. Kf5 Rd8 65. Re2+ Kf8 66. Re1 Rb8 67. Rb1 Bc3 68.
b4 Kg7 69. b5 Kh8 70. b6 Rf8+ 71. Ke6 Bd4 72. b7 Ba7 73. Ke7 Bc5+ 74. Kd7 Ba7 75. Ra1 Bb8 76. Ra8 Kg7 77. Ra2 Rf1 78.
Rg2 Kh8 79. Rg5 Rf2 80. Rh5 Rf4 81. Bd5 Rf2 82. Be4 Re2 83. Kc8 1-0

[Event "2. Itzehoer Schach Open"]
[Site "Itzehoe, Germany"]
[Date "2023.05.01"]
[Round "5.20"]
[White "Carsten, Juergen"]
[Black "Stehle, Fabian"]
[Result "1/2-1/2"]
[TimeControl "90 min / 40 Züge + 30 min + 30 Sek pro Zug"]
[WhiteElo "1780"]
[BlackElo "1569"]

1. e4 c5 2. c3 Nf6 3. e5 Nd5 4. d4 cxd4 5. cxd4 d6 6. f4 Nc6 7. Nc3 dxe5 8. fxe5 Bf5 9. a3 e6 10.
Nf3 Be7 11. Be2 Bh4+ 12. g3 Be7 13. O-O O-O 14. Rf2 Qd7 15. Bd3 f6 16. Bxf5 exf5 17. Qb3 Rad8 18. Be3 Kh8 19. Nxd5 Qxd5 20.
Qc3 fxe5 21. dxe5 Qe4 22. Ng5 Bxg5 23. Bxg5 Rd3 24. Qc5 Re8 25. Bf4 Rd5 26. Qc3 Nxe5 27. Bxe5 Rdxe5 28. Raf1 h6 29.
Rf3 Qg4 30. Rf4 Qh5 31. Rh4 Qe2 32. Rhf4 Rd8 33. R4f2 Qe3 34. Qxe3 Rxe3 35. Rxf5 Rd2 36. R5f2 Ree2 37. Rxe2 Rxe2 38.
Rf2 Re1+ 1/2-1/2